 Dungeon Crawl Stone Soup version 0.28-a0-697-g47f3eba078 (webtiles) character file.

Game seed: 3316959319930387657

2553269 AarnesTheHuman the Conqueror (level 27, 276/276 (323) HPs)
             Began as an Ogre Hunter on Sept 12, 2021.
             Was the Champion of Okawaru.
             Escaped with the Orb
             ... and 5 runes on Oct 23, 2021!
             The game lasted 08:03:52 (106612 turns).

AarnesTheHuman the Conqueror (Ogre Hunter)        Turns: 106612, Time: 08:03:52

HP:   276/276 (323) AC: 41    Str: 28      XL:     27
MP:   48/48         EV:  9    Int: 12 (16) God:    Okawaru [******]
Gold: 4844          SH: 31    Dex: 10      Spells: 49/68 levels left

rFire   + + .      SeeInvis .   b - +9 demon whip (vorpal)
rCold   + + .      Faith    .   M - +8 tower shield
rNeg    . . .      Spirit   .   E - +12 gold dragon scales
rPois   +          Reflect  +   Y - +2 hat {Will+}
rElec   .          Harm     .   V - scarf {rC+ rF+}
rCorr   +          Rampage  .   (gloves unavailable)
Will    +++..                   (boots unavailable)
Stlth   ..........              u - amulet of reflection
HPRegen 0.56/turn               F - +4 ring of slaying
MPRegen 0.31/turn               j - ring of resist corrosion

@: studying 2 skills, heavily drained
A: large, unfitting armour, tough skin 1, fangs 1, talons 1, iridescent scales 1
0: Orb of Zot
}: 5/15 runes: decaying, serpentine, slimy, silver, abyssal
a: Renounce Religion, Heroism, Finesse, Duel


You escaped.
You worshipped Okawaru.
Okawaru was exalted by your worship.
You visited 16 branches of the dungeon, and saw 70 of its levels.
You visited the Abyss 1 time.
You also visited: Bailey and Ice Cave.

You collected 10314 gold pieces.
You spent 5470 gold pieces at shops.

Inventory:

Hand Weapons
 a - the +8 demon whip of Panentheism {flame, rElec rF+ Str+3}
   (Okawaru gifted it to you on level 2 of the Vaults)

   It burns those it strikes, dealing additional fire damage.
   Str:       It affects your strength (+3).
   rF:        It protects you from fire.
   rElec:     It insulates you from electricity.
 b - a +9 vorpal demon whip (weapon)
 d - a +3 antimagic demon whip
 v - a +3 mace of holy wrath
Missiles
 D - 22 silver javelins
 G - 97 large rocks (quivered)
 I - a silver boomerang
 O - 40 atropa-tipped darts
 Q - 32 javelins
 Z - 10 boomerangs of dispersal
Armour
 s - a +1 tower shield of reflection
 x - the +6 storm dragon scales of Good Intentions {rElec Will+}
   (Okawaru gifted it to you on level 2 of the Snake Pit)

   rElec:     It insulates you from electricity.
   Will:      It increases your willpower.
 E - +12 gold dragon scales (worn)
 M - a +8 tower shield (worn)
 V - a scarf of resistance (worn)
 Y - a +2 hat of willpower (worn)
Jewellery
 e - the ring "Kycasien" {rN+ Dex+5}
   (You bought it in a shop on level 1 of the Depths)

   [ring of positive energy]

   Dex:       It affects your dexterity (+5).
   rN:        It protects you from negative energy.
 i - a +6 ring of dexterity
 j - a ring of resist corrosion (right hand)
 t - a ring of flight
 u - an amulet of reflection (around neck)
 y - a ring of flight
 F - a +4 ring of slaying (left hand)
 H - a ring of the Octopus King {rC+ AC+1 EV+1 Str+1 Int+1 Dex+1}
   (You found it on level 6 of the Lair of Beasts)

   [ring of protection from cold]

   AC:        It affects your AC (+1).
   EV:        It affects your evasion (+1).
   Str:       It affects your strength (+1).
   Int:       It affects your intelligence (+1).
   Dex:       It affects your dexterity (+1).
   rC:        It protects you from cold.
 N - a ring of positive energy
 U - the ring of Goqari {rPois rF+ Str+7 SInv Stlth-}
   (You took it off a deep elf zephyrmancer on level 3 of the Elven Halls)

   [ring of protection from fire]

   Str:       It affects your strength (+7).
   rF:        It protects you from fire.
   rPois:     It protects you from poison.
   SInv:      It lets you see invisible.
   Stlth:     It makes you less stealthy.
Wands
 w - a wand of iceblast (86)
 L - a wand of acid (51)
 S - a wand of digging (5)
Scrolls
 c - 7 scrolls of blinking
 g - 2 scrolls of fog
 h - 24 scrolls of teleportation
 o - 4 scrolls of magic mapping
 q - 3 scrolls of identify
 C - 9 scrolls of immolation
 T - 2 scrolls of holy word
 W - 6 scrolls of fear
Potions
 f - 6 potions of resistance
 k - 14 potions of might
 l - 30 potions of curing
 m - 11 potions of attraction
 n - 8 potions of flight
 p - 9 potions of haste
 r - 13 potions of lignification
 z - 13 potions of heal wounds
 A - 3 potions of magic
 B - 6 potions of brilliance
 J - 7 potions of invisibility
 K - 5 potions of cancellation
 P - 12 potions of ambrosia
 R - 6 potions of berserk rage


   Skills:
 O Level 27 Fighting
 + Level 14.7 Maces & Flails
 O Level 27 Throwing
 + Level 22.6 Armour
 - Level 16.1 Dodging
 - Level 0.6 Stealth
 - Level 15.5 Shields
 + Level 21.4 Spellcasting
 - Level 9.0 Hexes
 + Level 9.5 Necromancy
 - Level 13.0 Translocations
 - Level 4.0 Transmutations
 + Level 9.5 Earth Magic
 - Level 10.0 Invocations


You had 49 spell levels left.
You knew the following spells:

 Your Spells              Type           Power      Damage    Failure   Level
a - Portal Projectile     Hex/Tloc       78%        N/A       1%          3
b - Blink                 Tloc           N/A        N/A       1%          2
c - Confusing Touch       Hex            34%        N/A       2%          3
d - Passage of Golubria   Tloc           44%        N/A       1%          4
e - Passwall              Tmut/Erth      24%        N/A       3%          2
f - Borgnjor's Vile Clut  Necr/Erth      17%        N/A       19%         5

Your spell library contained the following spells:

 Spells                   Type           Power      Damage    Failure   Level
 Pain                     Necr           100%       1d9       1%          1
 Slow                     Hex            34%        N/A       1%          2
 Sublimation of Blood     Necr           17%        N/A       1%          2
 Gell's Gravitas          Tloc           22%        N/A       1%          3
 Lesser Beckoning         Tloc           44%        N/A       1%          3
 Teleport Other           Tloc           44%        N/A       1%          3
 Vampiric Draining        Necr           17%        2d8       1%          3
 Manifold Assault         Tloc           44%        N/A       4%          5
 Corpse Rot               Necr/Air       48%        N/A       7%          2
 Ensorcelled Hibernation  Hex/Ice        46%        N/A       8%          2
 Leda's Liquefaction      Hex/Erth       17%        N/A       8%          4
 Cause Fear               Hex            17%        N/A       9%          4
 Wereblood                Tmut           22%        N/A       10%         2
 Stone Arrow              Conj/Erth      48%        3d10      14%         3
 Dazzling Flash           Conj/Hex       46%        N/A       16%         3
 Inner Flame              Hex/Fire       23%        N/A       16%         3
 Agony                    Necr           35%        N/A       19%         5
 Excruciating Wounds      Necr           17%        N/A       19%         5
 Lee's Rapid Deconstruct  Erth           17%        3d12*     19%         5
 Petrify                  Tmut/Erth      29%        N/A       21%         4
 Iskenderun's Mystic Bla  Conj/Tloc      28%        2d7       22%         4
 Dispersal                Tloc           22%        N/A       24%         6
 Magic Dart               Conj           48%        1d5       32%         1
 Spider Form              Tmut/Pois      8%         N/A       41%         3
 Poisonous Vapours        Pois/Air       24%        N/A       45%         2
 Searing Ray              Conj           24%        2d5       45%         2
 Fulminant Prism          Conj/Hex       11%        3d9       45%         4
 Ignite Poison            Fire/Tmut/Pois 16%        N/A       50%         3
 Conjure Flame            Conj/Fire      12%        6-21      69%         3
 Mephitic Cloud           Conj/Pois/Air  12%        N/A       69%         3
 Ozocubu's Armour         Ice            12%        N/A       69%         3
 Swiftness                Air            12%        N/A       69%         3
 Invisibility             Hex            17%        N/A       77%         6
 Metabolic Englaciation   Hex/Ice        11%        N/A       82%         5
 Silence                  Hex/Air        11%        N/A       82%         5
 Blade Hands              Tmut           11%        N/A       87%         5
 Sticky Flame             Conj/Fire      12%        2d4       97%         4
 Statue Form              Tmut/Erth      19%        N/A       97%         6
 Irradiate                Conj/Tmut      8%         3d16      99%         5
 Fireball                 Conj/Fire      6%         3d5       100%        5
 Freezing Cloud           Conj/Ice/Air   6%         6-21      100%        5
 Iskenderun's Battlesphe  Conj           12%        2d7       100%        5
 Conjure Ball Lightning   Conj/Air       6%         3x3d6     100%        6
 Eringya's Noxious Bog    Tmut/Pois      8%         N/A       100%        6
 Iron Shot                Conj/Erth      12%        9d3       100%        6
 Starburst                Conj/Fire      6%         6d4       100%        6
 Dragon Form              Tmut           11%        N/A       100%        7
 Orb of Destruction       Conj           6%         9d3       100%        7
 Storm Form               Tmut/Air       8%         N/A       100%        7
 Lehudib's Crystal Spear  Conj/Erth      12%        10d4      100%        8
 Maxwell's Capacitive Co  Air            6%         ∞         100%        8
 Necromutation            Tmut/Necr      14%        N/A       100%        8
 Death's Door             Necr           17%        N/A       100%        9
 Animate Dead             Necr           Unusable   N/A       N/A         4
 Summon Guardian Golem    Hex/Summ       Unusable   N/A       N/A         3
 Summon Small Mammal      Summ           Unusable   N/A       N/A         1
 Animate Armour           Summ/Erth      Unusable   N/A       N/A         4
 Summon Forest            Summ/Tloc      Unusable   N/A       N/A         5
 Call Canine Familiar     Summ           Unusable   N/A       N/A         3
 Death Channel            Necr           Unusable   N/A       N/A         6
 Summon Lightning Spire   Summ/Air       Unusable   N/A       N/A         4
 Simulacrum               Ice/Necr       Unusable   N/A       N/A         6
 Malign Gateway           Summ/Tloc      Unusable   N/A       N/A         7
 Spellforged Servitor     Conj/Summ      Unusable   N/A       N/A         7
 Summon Hydra             Summ           Unusable   N/A       N/A         7
 Infestation              Necr           Unusable   N/A       N/A         8
 Summon Horrible Things   Summ           Unusable   N/A       N/A         8
 Dragon's Call            Summ           Unusable   N/A       N/A         9

Dungeon Overview and Level Annotations

Branches:
Dungeon (15/15)            Temple (0/1) D:5            Lair (6/6) D:8
  Swamp (4/4) Lair:3        Snake (4/4) Lair:3        Slime (5/5) Lair:5
    Orc (2/2) D:11            Elf (3/3) Orc:2        Vaults (5/5) D:13
  Crypt (3/3) Vaults:3       Tomb (0/3) Crypt:3      Depths (5/5) D:15
   Hell (visited)             Dis (3/7) Hell            Geh (2/7) Hell
    Coc (6/7) Hell            Tar (1/7) Hell            Zot (5/5) Depths:5
 Bailey (visited)           IceCv (visited)

Altars:
Ashenzari
Elyvilon
Fedhas
Gozag
Hepliaklqana
Kikubaaqudgha
Okawaru
Uskayaw
Vehumet
Xom
Yredelemnul
The Shining One
Jiyva
Lugonu

Shops:
D:9 =   D:10 :*   Orc:2 [((*   Elf:1 *   Snake:3 ?(?   Depths:1 *=:=:
Depths:2 ?[   Depths:3 (!=(

Portals:
Hell: Depths:1 Depths:2 Depths:3 Depths:4 Depths:5
Abyss: Lair:6 Depths:1 Depths:3 Depths:4
Pandemonium: Depths:2 Depths:3 Depths:5
Ziggurat: Depths:1

Annotations:
D:5 2 runed translucent doors, exclusion: 2 doors
D:7 2 runed translucent doors, exclusion: 2 doors, Crazy Yiuf; exoticroomba's ghost, novice TrBe
D:8 exclusion: downstairs
D:12 3 runed translucent doors, exclusion: 3 doors, Conn's ghost, journeyman OpFE; MaCx's ghost, journeyman MiAM; TZer0's ghost, novice VSBe; WhatIsLove's ghost, journeyman TrMo
D:14 3 runed translucent doors, exclusion: 3 doors, Joow's ghost, adept GrEE
Lair:6 1 exclusion
Snake:1 exclusion: downstairs
Elf:2 3 runed translucent doors, exclusion: 3 doors
Crypt:3 exclusion: downstairs
Depths:1 exclusion: downstairs
Zot:1 3 runed translucent doors, exclusions: 3 doors and downstairs, Uvyism's ghost, legendary GnMo
Zot:3 exclusion: downstairs


Innate Abilities, Weirdness & Mutations

You are too large for most types of armour.
You have tough skin. (AC +1)
You have very sharp teeth.
You have sharp toenails.
You are partially covered in iridescent scales. (AC +2)


Message History

You see here a +0 hand axe.
You climb upwards.
There is a stone staircase leading down here.
A sixfirhy comes into view.
The sixfirhy closely misses you.
You thrash the sixfirhy!! You claw the sixfirhy.
The sixfirhy is almost dead.
You barely miss the sixfirhy. Your kick misses the sixfirhy.
Your bite misses the sixfirhy.
The sixfirhy is almost dead.
You barely miss the sixfirhy. You claw the sixfirhy.
You kill the sixfirhy!
Okawaru accepts your kill.
(D) Dungeon (T) Temple (L) Lair (S) Swamp (P) Snake Pit (M) Slime Pits (O) Orcish Mines (E) Elven Halls (V) Vaults (C) Crypt (W) Tomb (U) Depths (H) Hell (I) Dis (G) Gehenna (X) Cocytus (Y) Tartarus (Z) Zot
Where to? (Enter - D:1, ? - help)
There is an escape hatch in the floor here.
There is a stone staircase leading up here.
You climb upwards.
There is a stone staircase leading down here.
(D) Dungeon (T) Temple (L) Lair (S) Swamp (P) Snake Pit (M) Slime Pits (O) Orcish Mines (E) Elven Halls (V) Vaults (C) Crypt (W) Tomb (U) Depths (H) Hell (I) Dis (G) Gehenna (X) Cocytus (Y) Tartarus (Z) Zot
Where to? (Enter - D:1, ? - help)
Okay, then.
You see here a +0 plate armour.
Okay, then.
Unknown command.
Aiming: Dig
Press: ? - help, Shift-Dir - straight line A rock wall.
This square is covered in magical glow.
The rock shatters into small pieces.
There is a staircase leading out of the dungeon here.
You have escaped!

#≈.≈≈≈≈≈P# ##....
#.≈≈≈≈PPP# ##...
## ##.≈≈≈≈P≈# ##..
#.# ##.≈≈≈≈≈# ##'
#.# #P.≈≈≈≈≈# #.
#.##.≈≈≈≈≈≈# #.
#.#≈.≈≈≈≈P# ##.
#.#..≈≈≈≈### ##..
#@.P≈≈≈≈P#)## #...
###.#######.####..
##.....###.####.
######.#.......
##.####### ###


There were no monsters in sight!

Vanquished Creatures
  the Royal Jelly (Slime:5)
  Dissolution (Slime:2)
  5 dread liches
  3 orbs of fire
  10 ancient liches
  2 juggernauts
  Boris (Depths:5)
  6 Killer Klowns (Zot:5)
  Margery (Vaults:4)
  11 shard shrikes
  Xtahua (Vaults:3)
  Saint Roka (Orc:2)
  15 caustic shrikes
  16 golden dragons
  Jory (Vaults:5)
  Geryon (Hell)
  A bone dragon (Crypt:3)
  A profane servitor (Crypt:3)
  2 electric golems (Zot:5)
  A spectral shard shrike (Crypt:3)
  15 tentacled monstrosities
  Rupert (Lair:5)
  A Hell Sentinel (Abyss:4)
  6 liches
  2 Ice Fiends
  The ghost of Gosidgh Gunn the Genius of the Arcane, an adept DsIE of Sif Muna (Elf:3)
  26 Orb Guardians
  Asterion (Snake:2)
  6 quicksilver dragons
  2 deep elf master archers (Elf:3)
  7 titans
  8 tentacled starspawn
  A deep elf blademaster (Elf:3)
  11 sphinxes
  18 acid blobs
  15 ancient champions
  11 death cobs
  A thorn hunter (Swamp:3)
  15 shadow dragons
  11 rockslimes
  Donald (Snake:2)
  A fenstrider witch (Swamp:2)
  9 tengu reavers
  20 storm dragons
  7 draconian monks
  2 revenants
  Roxanne (Swamp:4)
  11 azure jellies
  A hellephant (Geh:1)
  7 nagarajas
  5 draconian knights
  2 orc warlords
  10 deep elf sorcerers
  4 ghost moths
  9 vault wardens
  10 fire giants
  Aizul (Snake:1)
  2 shard shrike simulacra
  2 curse skulls
  3 draconian scorchers
  15 frost giants
  3 iron dragons
  2 balrugs
  6 narguns
  6 draconian stormcallers
  5 draconian shifters
  5 deep elf elementalists
  Louise (Swamp:1)
  A cacodemon (Hell)
  A juggernaut zombie (Hell)
  7 ghouls
  A juggernaut skeleton (Crypt:1)
  10 ironbound preservers
  7 quicksilver oozes
  14 reapers
  25 stone giants
  23 very ugly things
  7 draconian annihilators
  6 war gargoyles
  13 vampire knights
  3 lorocyprocas (Hell)
  15 green draconians
  13 elemental wellsprings
  17 black draconians
  Azrael (Snake:1)
  3 entropy weavers
  7 deep elf annihilators
  16 white draconians
  8 deep elf demonologists
  9 purple draconians
  13 red draconians
  5 bunyips
  9 starcursed masses
  2 wendigos
  2 quicksilver elementals
  11 yellow draconians
  6 deep elf death magi
  8 spark wasps
  4 blizzard demons
  4 dire elephants
  4 eidola
  An iron golem (Dis:1)
  17 ettins
  4 deep elf high priests
  27 jiangshi
  A merfolk impaler (Depths:2)
  6 eleionomae
  12 fire dragons
  11 ice dragons
  3 rakshasas
  2 salamander tyrants
  Erolcha (Orc:2)
  11 yaktaur captains
  11 naga warriors
  3 caustic shrike simulacra
  A juggernaut simulacrum (Coc:4)
  25 hydras
  11 great orbs of eyes
  2 spriggan air magi
  6 ironbound thunderhulks
  A catoblepas (Lair:6)
  32 vault guards
  5 ogre magi
  4 hell beasts
  2 ghost crabs (Swamp:1)
  7 centaur warriors
  9 ironbound frosthearts
  9 anacondas
  5 death knights
  4 boulder beetles
  8 alligators
  19 two-headed ogres
  32 dancing weapons
  4 tengu warriors
  6 naga sharpshooters
  7 vampire magi
  10 thrashing horrors
  4 spriggan berserkers
  7 deep troll earth magi
  6 removed ironbound beastmasters
  4 crystal echidnas
  14 deep elf knights
  A stoker (Geh:2)
  4 sun demons
  8 shock serpents
  12 hell knights
  A fire crab (Abyss:1)
  3 hell hogs (Geh:1)
  7 wretched stars
  3 sixfirhies
  15 soul eaters
  42 skeletal warriors
  2 salamander mystics
  A storm dragon skeleton (Depths:2)
  6 iron trolls
  6 shadow wraiths
  3 spark wasp zombies
  A quicksilver dragon simulacrum (Coc:5)
  5 sea snakes (Snake:4)
  10 flayed ghosts
  2 goliath frogs
  A spatial maelstrom (Abyss:2)
  38 deep trolls
  9 deep elf archers
  An anaconda zombie (Abyss:3)
  A golden dragon zombie (Depths:2)
  6 spriggan druids
  5 glowing orange brains
  12 swamp dragons
  7 naga ritualists
  A bunyip zombie (Crypt:2)
  2 removed gelid demonspawn (Depths:3)
  15 ironbound convokers
  6 wizards
  3 bog bodies
  13 phantasmal warriors
  Pikel (D:4)
  A fenstrider witch simulacrum (Crypt:2)
  14 lindwurms
  An orb spider (shapeshifter) (D:15)
  6 mana vipers
  An obsidian statue (Zot:5)
  4 orc knights
  9 necromancers
  An oklob plant (Lair:3)
  2 orc sorcerers (Orc:2)
  22 deep elf zephyrmancers
  21 deep elf pyromancers
  An orb spider (Abyss:3)
  34 ugly things
  A human zombie (Vaults:1)
  3 shining eyes (Slime:5)
  A shadow dragon skeleton (Crypt:2)
  A salamander (shapeshifter) (Elf:1)
  5 cyclopes
  8 will-o-the-wisps
  5 manticores
  3 fire giant zombies
  A spectral centaur (D:12)
  19 salamanders
  A worldbinder (Abyss:2)
  33 moths of wrath
  A human skeleton (Vaults:1)
  8 guardian serpents
  17 elephants
  An apocalypse crab (Abyss:2)
  A moth of wrath (shapeshifter) (Elf:3)
  A rust devil (Zot:1)
  3 centaur zombies
  A frost giant skeleton (Depths:2)
  2 ice statues (Hell)
  29 naga magi
  3 orange demons
  5 spriggan skeletons
  38 black mambas
  2 molten gargoyles (Hell)
  3 titan simulacra
  14 smoke demons
  2 shock serpent skeletons
  12 vault sentinels
  3 eyes of devastation
  A storm dragon simulacrum (Crypt:3)
  An unseen horror (shapeshifter) (Vaults:5)
  13 cane toads
  A sea snake zombie (Hell)
  4 rime drakes
  An elf zombie (Depths:2)
  3 hellions
  2 golden dragon simulacra
  An anaconda simulacrum (Snake:1)
  3 tormentors
  6 efreet
  12 freezing wraiths
  11 komodo dragons
  3 tengu conjurers
  3 demonic crawlers
  20 yaktaurs
  A bunyip simulacrum (Coc:2)
  3 harpy zombies
  An iron giant simulacrum (Coc:4)
  2 hellwings (Depths:3)
  6 very ugly thing simulacra (IceCv)
  A sea snake skeleton (Hell)
  5 entropy weaver simulacra
  3 ice devils
  A polar bear (Lair:1)
  A queen bee (shapeshifter) (Vaults:4)
  2 trolls (shapeshifter)
  8 ancient zymes
  2 red devils
  2 queen bees
  Grinder (D:6)
  3 hydra zombies
  4 meliai (Abyss:4)
  8 hornets
  5 trolls
  3 jumping spiders
  6 tyrant leeches
  A bloated husk (Swamp:2)
  A harpy skeleton (Crypt:2)
  2 tengu simulacra
  3 fire dragon zombies
  72 slime creatures
  26 blink frogs
  3 deep troll zombies (Hell)
  2 iron dragon simulacra (Coc:3)
  A guardian serpent zombie (Crypt:2)
  A meliai zombie (D:12)
  3 spriggan zombies (Hell)
  A hydra skeleton (Hell)
  A deep troll skeleton (D:15)
  A snapping turtle (shapeshifter) (Depths:5)
  A dire elephant simulacrum (Coc:4)
  4 redbacks
  2 tarantellas
  2 naga simulacra
  An ettin skeleton (Crypt:1)
  4 shadows
  60 flying skulls
  A redback (shapeshifter) (Vaults:2)
  7 water elementals
  9 wraiths
  6 ynoxinuls
  4 wyverns
  12 spriggans
  Eustachio (D:4)
  2 vampires
  46 yaks
  5 air elementals
  A tyrant leech zombie (Crypt:2)
  6 basilisks
  2 golden eyes
  8 fire elementals
  A hog (shapeshifter) (D:13)
  4 chaos spawn
  13 vampire mosquitoes
  2 spatial vortices
  A steam dragon (Lair:3)
  4 neqoxecs
  2 minotaur simulacra (Snake:1)
  13 harpy simulacra
  2 wargs
  A naga (shapeshifter) (Elf:3)
  A tengu zombie (Hell)
  3 hydra simulacra
  9 swamp worms
  2 acid dragons
  46 nagas
  6 demonic crawler simulacra (IceCv)
  2 floating eyes
  5 hell hounds
  11 large abominations
  6 water moccasins
  5 swamp drakes
  A sky beast (D:7)
  A black bear (D:5)
  6 ettin simulacra
  19 orc warriors
  A black mamba simulacrum (Crypt:2)
  2 ugly thing simulacra (IceCv)
  A hornet zombie (D:5)
  A torpor snail zombie (Crypt:1)
  11 centaurs
  A tengu (shapeshifter) (Vaults:5)
  8 necrophages
  6 wolves (Lair:1)
  An alligator simulacrum (Hell)
  34 ogres
  3 lemures
  2 kobold brigands
  5 gnoll sergeants
  6 bullfrogs
  A scorpion (D:6)
  An earth elemental (Elf:1)
  A water moccasin skeleton (D:5)
  A warg skeleton (Crypt:1)
  13 wights
  27 killer bees
  3 lindwurm simulacra (Snake:1)
  7 electric eels
  3 howler monkeys
  A wolf zombie (Crypt:2)
  21 small abominations
  A quasit (Abyss:3)
  A bullfrog zombie (D:7)
  The ghost of flt the Gusty, a weakling VSAE (D:3)
  3 hounds
  2 jellies (D:6)
  8 orc priests
  A bullfrog skeleton (D:5)
  3 centaur skeletons
  An iguana (D:3)
  16 orc wizards
  8 hell rats
  A killer bee zombie (D:6)
  2 sky beast zombies (Crypt:2)
  An ogre skeleton (Crypt:1)
  4 howler monkey zombies
  29 gnolls
  7 adders
  A shadow imp (D:5)
  5 ufetubi
  An adder skeleton (D:4)
  A worm (D:3)
  3 dart slugs
  58 orcs
  5 endoplasms
  3 giant cockroaches
  11 goblins
  6 quokkas
  7 ball pythons
  5 bats
  A dart slug zombie (Crypt:1)
  5 frilled lizards
  16 kobolds
  6 rats
  A river rat skeleton (Crypt:1)
  A creeping inferno (Geh:2)
  3 starspawn tentacles
2627 creatures vanquished.

Vanquished Creatures (others)
  The ghost of Vohiat the Genius of the Arcane, an adept DsIE of Sif Muna (Elf:3)
  A nagaraja (Snake:4)
  A vampire knight (Depths:4)
  A naga sharpshooter (Snake:3)
  A removed ironbound beastmaster (Vaults:2)
  A rust devil (Depths:3)
  2 bloated husks
  A water elemental (Elf:3)
  A phantom (D:5)
  An orc wizard (Orc:2)
  3 ball lightnings (Elf:3)
  2 bushes (Lair:6)
  16 foxfires
  22 fungi
  46 plants
  9 starspawn tentacles
  A withered plant (D:15)
110 creatures vanquished.

Grand Total: 2737 creatures vanquished

Notes
Turn   | Place    | Note
-------+----------+-------------------------------------------
     0 | D:1      | AarnesTheHuman the Ogre Hunter began the quest for the Orb.
     0 | D:1      | Reached XP level 1. HP: 22/22 MP: 1/1
    37 | D:1      | Found a faded altar of an unknown god.
   333 | D:1      | Reached XP level 2. HP: 20/31 MP: 2/2
  1667 | D:2      | Reached XP level 3. HP: 37/37 MP: 3/3
  1690 | D:2      | Reached skill level 1 in Maces & Flails
  2146 | D:2      | Reached XP level 4. HP: 48/48 MP: 4/4
  2657 | D:2      | Found a hide-covered altar of Uskayaw.
  2788 | D:2      | Reached skill level 1 in Armour
  3395 | D:3      | Noticed an ogre
  3396 | D:3      | Found a transporter.
  3396 | D:3      | Identified the +6 dire flail "Ogre's Doom" {elec, rC+}
  3396 | D:3      | Noticed an ogre
  3396 | D:3      | Noticed flt's ghost (weakling VSAE)
  3398 | D:3      | Found a transporter.
  3428 | D:3      | Reached XP level 5. HP: 54/54 MP: 5/5
  3857 | D:4      | Noticed an ogre
  4251 | D:4      | Noticed an ogre
  4251 | D:4      | Found an iron altar of Okawaru.
  4271 | D:3      | Killed an ogre
  4272 | D:3      | Reached XP level 6. HP: 42/65 MP: 6/6
  4419 | D:4      | Noticed Eustachio
  4668 | D:4      | Killed Eustachio
  4669 | D:4      | Reached skill level 5 in Fighting
  5003 | D:4      | Identified the +8 mace of the Cup {spect, +Blink rF- rC+
                  | Will+}
  5056 | D:4      | Reached XP level 7. HP: 46/74 MP: 7/7
  5226 | D:4      | Noticed Pikel
  5262 | D:4      | Killed Pikel
  5263 | D:4      | Reached skill level 5 in Throwing
  5263 | D:4      | Reached XP level 8. HP: 70/84 MP: 8/8
  5773 | D:4      | Became a worshipper of Warmaster Okawaru
  5786 | D:5      | Entered Level 5 of the Dungeon
  6054 | D:5      | Found a staircase to the Ecumenical Temple.
  6180 | D:5      | Found a large runed translucent door.
  6181 | D:5      | Found a large runed translucent door.
  6187 | D:5      | Found a shimmering altar of Xom.
  6209 | D:5      | Reached skill level 1 in Invocations
  6664 | D:6      | Noticed Grinder
  6678 | D:6      | Killed Grinder
  6678 | D:6      | Reached * piety under Okawaru
  6679 | D:6      | Reached skill level 5 in Maces & Flails
  6897 | D:6      | Reached XP level 9. HP: 97/97 MP: 10/10
  7089 | D:6      | Reached ** piety under Okawaru
  8939 | D:7      | Found a runed translucent door.
  8942 | D:7      | Noticed exoticroomba's ghost (novice TrBe)
  9054 | D:7      | Found a runed translucent door.
  9073 | D:7      | Noticed Crazy Yiuf
  9249 | D:8      | Found a staircase to the Lair.
  9294 | D:8      | Found a flagged portal.
  9300 | D:8      | Reached skill level 5 in Dodging
  9303 | D:8      | Reached skill level 10 in Fighting
  9303 | D:8      | Reached XP level 10. HP: 29/110 MP: 12/12
  9325 | Bailey   | Entered a bailey
  9395 | D:8      | Reached *** piety under Okawaru
 11192 | D:9      | You fall into a shaft and drop 1 floor!
 11192 | D:10     | Entered Level 10 of the Dungeon
 11403 | D:9      | Noticed a two-headed ogre
 11812 | D:9      | Reached **** piety under Okawaru
 12061 | D:9      | Killed a two-headed ogre
 12061 | D:9      | Received a gift from Okawaru
 12062 | D:9      | Reached skill level 1 in Shields
 12219 | D:9      | Found Agops's Jewellery Boutique.
 12425 | D:9      | Reached skill level 5 in Invocations
 13059 | D:9      | Bought an amulet of reflection for 390 gold pieces
 13215 | D:9      | Received a gift from Okawaru
 13225 | D:9      | Reached XP level 11. HP: 50/120 MP: 14/14
 13814 | D:10     | Found Cususm's General Store.
 13871 | D:10     | Reached ***** piety under Okawaru
 14150 | D:10     | Found Ruotze's Self-Improvement Boutique.
 14658 | D:11     | Noticed a seven-headed hydra
 14659 | D:11     | Noticed a manticore
 14734 | D:11     | Killed a seven-headed hydra
 14734 | D:11     | Received a gift from Okawaru
 14771 | D:11     | Noticed a skeletal warrior
 14779 | D:11     | Killed a manticore
 14935 | D:11     | Noticed a manticore
 14939 | D:11     | Killed a manticore
 14939 | D:11     | Received a gift from Okawaru
 15006 | D:11     | Noticed a skeletal warrior
 15189 | D:11     | Found a staircase to the Orcish Mines.
 15465 | D:10     | Killed a skeletal warrior
 15636 | D:11     | Killed a skeletal warrior
 15637 | D:11     | Reached skill level 5 in Shields
 16070 | D:11     | Noticed a skeletal warrior
 16079 | D:11     | Killed a skeletal warrior
 16079 | D:11     | Received a gift from Okawaru
 16478 | Lair:1   | Entered Level 1 of the Lair of Beasts
 16611 | Lair:1   | Reached XP level 12. HP: 132/136 MP: 15/17
 17067 | Lair:1   | Received a gift from Okawaru
 17087 | Lair:1   | Reached ****** piety under Okawaru
 17087 | Lair:1   | Received a gift from Okawaru
 17532 | Lair:1   | Noticed a four-headed hydra
 17546 | Lair:1   | Killed a four-headed hydra
 17546 | Lair:1   | Received a gift from Okawaru
 17759 | Lair:1   | Noticed a four-headed hydra
 17781 | Lair:1   | Killed a four-headed hydra
 17795 | Lair:1   | Identified the +0 troll leather armour of Indomitability
                  | {+Blink rC+ Regen+ rCorr} (Okawaru gifted it to you on
                  | level 1 of the Lair of Beasts)
 17795 | Lair:1   | Received a gift from Okawaru
 19118 | Lair:3   | Found a staircase to the Snake Pit.
 19193 | Lair:3   | Found a staircase to the Swamp.
 19288 | Lair:3   | Reached XP level 13. HP: 118/148 MP: 18/18
 19723 | Lair:3   | Reached skill level 15 in Fighting
 20017 | Lair:3   | Found the +2 robe of Vines {NoPotionHeal Regen+++}
 20023 | Lair:3   | Identified the +9 rapier of Noiqox {venom, Contam rPois
                  | rC+} (Okawaru gifted it to you on level 3 of the Lair of
                  | Beasts)
 20023 | Lair:3   | Received a gift from Okawaru
 20502 | Lair:4   | Found a blossoming altar of Fedhas.
 21364 | Lair:5   | Noticed Rupert
 21372 | Lair:5   | Killed Rupert
 21373 | Lair:5   | Reached skill level 10 in Throwing
 21702 | Lair:5   | Found a staircase to the Slime Pits.
 21703 | Lair:5   | Found a viscous altar of Jiyva.
 21851 | Lair:5   | Found a dark tunnel.
 21866 | Lair:5   | You fall into a shaft and drop 1 floor!
 21866 | Lair:6   | Entered Level 6 of the Lair of Beasts
 21883 | Lair:6   | Received a gift from Okawaru
 21924 | Lair:6   | Received a gift from Okawaru
 21953 | Lair:6   | Reached skill level 10 in Maces & Flails
 21953 | Lair:6   | Reached XP level 14. HP: 159/162 MP: 20/20
 21969 | Lair:6   | Found the ring of the Octopus King
 21994 | Lair:6   | Received a gift from Okawaru
 21997 | Lair:6   | Identified a ring of the Octopus King {rC+ AC+1 EV+1 Str+1
                  | Int+1 Dex+1}
 22400 | Lair:6   | Identified the +7 flail of the Eternal Warrior {pain, rElec
                  | Str+4} (Okawaru gifted it to you on level 6 of the Lair of
                  | Beasts)
 22400 | Lair:6   | Received a gift from Okawaru
 23514 | Lair:6   | Reached skill level 10 in Shields
 23516 | Lair:6   | Received a gift from Okawaru
 24022 | Lair:6   | Identified the +6 falchion of Terra Cotta {freeze, *Noise
                  | Fragile rElec MP+9}
 24149 | Lair:6   | Found a corrupted altar of Lugonu.
 24149 | Lair:6   | Found a one-way gate to the infinite horrors of the Abyss.
 24712 | D:12     | Found a runed translucent gate.
 24712 | D:12     | Found a runed translucent gate.
 24712 | D:12     | Found a runed translucent gate.
 24720 | D:12     | Noticed Conn's ghost (journeyman OpFE)
 24720 | D:12     | Noticed MaCx's ghost (journeyman MiAM)
 24727 | D:12     | Noticed TZer0's ghost (novice VSBe)
 24728 | D:12     | Noticed WhatIsLove's ghost (journeyman TrMo)
 24758 | D:12     | Reached XP level 15. HP: 170/176 MP: 21/21
 24812 | D:12     | Identified the +1 dagger of Liggatu {drain, Fragile rCorr
                  | Str+8 Stlth-}
 25352 | Orc:1    | Entered Level 1 of the Orcish Mines
 25648 | Orc:2    | Entered Level 2 of the Orcish Mines
 26002 | Orc:2    | Noticed Erolcha
 26046 | Orc:2    | Killed Erolcha
 26268 | Orc:2    | Noticed an orc warlord
 26296 | Orc:2    | Killed an orc warlord
 26296 | Orc:2    | Received a gift from Okawaru
 26543 | Orc:2    | Received a gift from Okawaru
 26557 | Orc:2    | Received a gift from Okawaru
 26581 | Orc:2    | Received a gift from Okawaru
 26637 | Orc:2    | Identified the +1 robe "Kaabb" {rF+ rC+ SInv} (Okawaru
                  | gifted it to you on level 2 of the Orcish Mines)
 26637 | Orc:2    | Received a gift from Okawaru
 26642 | Orc:2    | Noticed Saint Roka
 26657 | Orc:2    | Killed Saint Roka
 27012 | Orc:2    | Found a staircase to the Elven Halls.
 27078 | Orc:2    | Found Qisawotu's Antique Weapon Shop.
 27079 | Orc:2    | Found Cuul's Antique Armour Emporium.
 27079 | Orc:2    | Found Veagask's Weapon Shop.
 27079 | Orc:2    | Found Zilalet's General Store.
 27252 | Orc:2    | Bought a potion of haste for 180 gold pieces
 27352 | D:10     | Bought a manual of Throwing for 1120 gold pieces
 27493 | D:3      | Killed flt's ghost
 28214 | D:13     | Identified the +1 robe of Absolutism {Str+5}
 28403 | D:13     | Reached XP level 16. HP: 153/189 MP: 22/22
 28416 | D:13     | Found a gate to the Vaults.
 29018 | D:14     | Found a runed translucent gate.
 29018 | D:14     | Found a runed translucent gate.
 29018 | D:14     | Found a runed translucent gate.
 29024 | D:14     | Noticed Joow's ghost (adept GrEE)
 29752 | D:14     | Found a glowing golden altar of the Shining One.
 29968 | D:15     | Entered Level 15 of the Dungeon
 29968 | D:15     | Found a staircase to the Depths.
 30485 | D:15     | Received a gift from Okawaru
 31765 | Swamp:1  | Entered Level 1 of the Swamp
 32655 | Swamp:1  | Noticed Louise
 32670 | Swamp:1  | Killed Louise
 32862 | Swamp:1  | Identified the +0 leather armour "Viaxuz" {rElec SInv}
 33251 | Swamp:1  | Identified the +2 robe "Lenipp" {rElec Int+3} (Okawaru
                  | gifted it to you on level 1 of the Swamp)
 33251 | Swamp:1  | Received a gift from Okawaru
 34078 | Swamp:2  | Noticed a fenstrider witch
 34099 | Swamp:2  | Killed a fenstrider witch
 34582 | Swamp:3  | Identified the +2 leather armour of Articulation {*Corrode
                  | rF+++ Regen+ Str+6}
 34746 | Swamp:3  | Reached XP level 17. HP: 202/202 MP: 23/23
 35452 | Swamp:4  | Entered Level 4 of the Swamp
 35872 | Snake:1  | Entered Level 1 of the Snake Pit
 36169 | Snake:1  | Noticed Azrael
 36175 | Snake:1  | Killed Azrael
 36530 | Snake:1  | Found a frozen archway.
 36564 | IceCv    | Entered an ice cave
 37051 | IceCv    | Received a gift from Okawaru
 37057 | IceCv    | Found a viscous altar of Jiyva.
 37273 | IceCv    | Identified the +1 ice dragon scales "Hikomenu" {rPois rF-
                  | rC++ Will+}
 38337 | Orc:2    | Bought 3 boomerangs for 22 gold pieces
 38960 | Swamp:3  | Received a gift from Okawaru
 39150 | Swamp:3  | Received a gift from Okawaru
 39720 | Swamp:3  | Reached XP level 18. HP: 190/215 MP: 24/24
 40274 | Swamp:4  | Noticed Roxanne
 40359 | Swamp:4  | Got a decaying rune of Zot
 40402 | Swamp:4  | Reached skill level 15 in Throwing
 41190 | Swamp:4  | Killed Roxanne
 41377 | Snake:2  | Noticed Aizul
 41395 | Snake:1  | Killed Aizul
 41815 | Snake:2  | Noticed Asterion
 41829 | Snake:2  | Killed Asterion
 41856 | Snake:2  | Noticed Donald
 41861 | Snake:2  | Killed Donald
 42327 | Snake:2  | You fall into a shaft and drop 1 floor!
 42363 | Snake:3  | Received a gift from Okawaru
 42555 | Snake:3  | Reached skill level 15 in Shields
 43267 | Snake:2  | Received a gift from Okawaru
 43689 | Snake:2  | Identified the +6 storm dragon scales of Good Intentions
                  | {rElec Will+} (Okawaru gifted it to you on level 2 of the
                  | Snake Pit)
 43689 | Snake:2  | Received a gift from Okawaru
 44360 | Snake:3  | Found Alevit's Magic Scroll Shoppe.
 44362 | Snake:3  | Found Zeklurch's Antique Weapon Emporium.
 44365 | Snake:3  | Found Eteh's Magic Scroll Shoppe.
 45054 | Snake:4  | Entered Level 4 of the Snake Pit
 45136 | Snake:4  | Reached XP level 19. HP: 209/228 MP: 23/25
 45272 | Snake:3  | Learned a level 3 spell: Portal Projectile
 45385 | Snake:4  | Identified the +4 scale mail of Death's Door {Str+4 Int-3}
 45585 | Snake:4  | Reached skill level 1 in Spellcasting
 45606 | Snake:4  | Reached skill level 1 in Hexes
 45606 | Snake:4  | Reached skill level 1 in Translocations
 47319 | Snake:4  | Received a gift from Okawaru
 47623 | Snake:4  | Got a serpentine rune of Zot
 48232 | Vaults:1 | Entered Level 1 of the Vaults
 49054 | Vaults:1 | Identified the +4 troll leather armour "Raxuked" {rF-
                  | Regen+ Dex+10 Stlth+} (Okawaru gifted it to you on level 1
                  | of the Vaults)
 49054 | Vaults:1 | Received a gift from Okawaru
 49394 | Vaults:1 | Reached XP level 20. HP: 235/243 MP: 26/26
 50721 | Vaults:2 | Reached skill level 5 in Spellcasting
 50816 | Vaults:2 | Identified the +8 demon whip of Panentheism {flame, rElec
                  | rF+ Str+3} (Okawaru gifted it to you on level 2 of the
                  | Vaults)
 50816 | Vaults:2 | Received a gift from Okawaru
 50832 | Vaults:2 | Reached skill level 5 in Armour
 51855 | Vaults:2 | Reached skill level 5 in Hexes
 51881 | Vaults:2 | Reached skill level 5 in Translocations
 51919 | Vaults:2 | Identified the +7 short sword of the Ageless Hells {pain,
                  | rN+ rCorr MP+9}
 51929 | Vaults:2 | Received a gift from Okawaru
 51960 | Vaults:2 | Noticed a golden dragon
 51966 | Vaults:2 | Killed a golden dragon
 52707 | Vaults:2 | Reached XP level 21. HP: 110/254 MP: 31/31
 54052 | D:10     | Bought a manual of Throwing for 1120 gold pieces
 54231 | Snake:3  | Bought a scroll of acquirement for 936 gold pieces
 54231 | Snake:3  | Acquired a manual of Spellcasting
 54570 | Vaults:3 | Received a gift from Okawaru
 54745 | Vaults:3 | Noticed Xtahua
 54753 | Vaults:3 | Killed Xtahua
 54753 | Vaults:3 | Received a gift from Okawaru
 55014 | Vaults:3 | Received a gift from Okawaru
 55578 | Vaults:3 | Found a staircase to the Crypt.
 55871 | Vaults:4 | Identified the +5 hand axe "Decisu Empei" {venom, *Rage
                  | Int+10}
 56103 | Vaults:4 | Received a gift from Okawaru
 56478 | Vaults:4 | Identified the +5 trident of Uluqot {vorpal, Dex+3}
                  | (Okawaru gifted it to you on level 4 of the Vaults)
 56478 | Vaults:4 | Received a gift from Okawaru
 56551 | Vaults:4 | Noticed Margery
 56561 | Vaults:4 | Killed Margery
 57218 | Elf:1    | Entered Level 1 of the Elven Halls
 57529 | Elf:1    | Paralysed by an air elemental for 1 turns
 57626 | Elf:1    | Reached XP level 22. HP: 224/269 MP: 35/35
 57928 | Elf:1    | Found Kuluh's Assorted Antiques.
 57941 | Elf:1    | Received a gift from Okawaru
 58309 | Elf:2    | Learned a level 2 spell: Blink
 58464 | Elf:2    | Received a gift from Okawaru
 58643 | Elf:2    | Reached skill level 10 in Spellcasting
 58713 | Elf:2    | Paralysed by an air elemental for 1 turns
 58720 | Elf:2    | Paralysed by an air elemental for 1 turns
 58815 | Elf:2    | Found a runed translucent gate.
 58815 | Elf:2    | Found a runed translucent gate.
 58815 | Elf:2    | Found a runed translucent gate.
 58922 | Elf:2    | Identified the +0 cloak "Bise" {Rampage Drain rC- Str+8}
                  | (Okawaru gifted it to you on level 2 of the Elven Halls)
 58922 | Elf:2    | Received a gift from Okawaru
 59330 | Elf:2    | Found a runed translucent gate.
 59330 | Elf:2    | Found a runed translucent gate.
 59330 | Elf:2    | Found a runed translucent gate.
 59516 | Elf:3    | Entered Level 3 of the Elven Halls
 59755 | Elf:3    | Paralysed by an air elemental for 1 turns
 60168 | Elf:3    | Found a runed translucent gate.
 60169 | Elf:3    | Found a runed translucent gate.
 60170 | Elf:3    | Found a runed translucent gate.
 60171 | Elf:3    | Noticed Gosidgh Gunn's ghost (adept DsIE)
 60172 | Elf:3    | Noticed Vohiat's ghost (adept DsIE)
 60195 | Elf:3    | Killed Gosidgh Gunn's ghost
 60218 | Elf:3    | Killed Vohiat's ghost
 60407 | Elf:3    | Identified the ring of Goqari {rPois rF+ Str+7 SInv Stlth-}
 60917 | Elf:3    | Identified the amulet of Incredulity {Spirit SInv}
 60943 | Elf:3    | Identified the +8 long sword of Slow Death {protect, Fly
                  | rF++ Str+2 Dex-5} (Okawaru gifted it to you on level 3 of
                  | the Elven Halls)
 60943 | Elf:3    | Received a gift from Okawaru
 61035 | Elf:3    | Identified the +6 broad axe "Emuloufo" {venom, Contam rElec
                  | rC++ rCorr}
 61270 | Elf:3    | Identified the -5 pair of gloves "Ykhyth" {rElec Regen+}
 62037 | Depths:1 | Entered Level 1 of the Depths
 62047 | Depths:1 | Found a gateway to a ziggurat.
 62089 | Depths:1 | Found Vyntonudd's Book Boutique.
 62090 | Depths:1 | Found Ceuzi's Jewellery Emporium.
 62090 | Depths:1 | Found Mysm's Jewellery Emporium.
 62204 | Depths:1 | Reached XP level 23. HP: 278/282 MP: 39/39
 62358 | Depths:1 | Found Wuaruot's Neck Hole.
 62401 | Depths:1 | Found Hamnowu's Book Shoppe.
 62581 | Depths:1 | Found a gateway to Hell.
 62805 | Depths:2 | Received a gift from Okawaru
 63029 | Depths:2 | You fall into a shaft and drop 2 floors!
 63095 | Depths:4 | You fall into a shaft and drop 1 floor!
 63095 | Depths:5 | Entered Level 5 of the Depths
 63113 | Depths:5 | Noticed a golden dragon
 63141 | Depths:4 | Received a gift from Okawaru
 63142 | Depths:4 | Reached skill level 27 in Fighting
 64221 | Depths:3 | Noticed a caustic shrike
 64251 | Depths:4 | Reached skill level 10 in Armour
 64595 | Depths:2 | Found a white marble altar of Elyvilon.
 64675 | Depths:2 | Reached skill level 15 in Spellcasting
 64811 | Depths:2 | Found Buyp's Magic Scroll Emporium.
 64819 | Depths:2 | Bought a scroll of blinking for 135 gold pieces
 64955 | Depths:2 | Found Pihat's Antique Armour Boutique.
 64990 | Depths:2 | Found an opulent altar of Gozag.
 65097 | Depths:2 | Received a gift from Okawaru
 65127 | Depths:2 | Reached XP level 24. HP: 255/295 MP: 42/42
 65275 | Depths:2 | Found the +6 Majin-Bo {vamp, MP+6 Int+6}
 65393 | Depths:2 | Received a gift from Okawaru
 65829 | Depths:3 | Noticed a juggernaut
 65833 | Depths:2 | Received a gift from Okawaru
 66074 | Depths:2 | Killed a caustic shrike
 66112 | Depths:2 | Killed a juggernaut
 66829 | Depths:3 | Found Joufaq's Antique Weapon Shop.
 66837 | Depths:3 | Found Jotuc's Jewellery Shop.
 66854 | Depths:3 | Found Atwigirhit's Weapon Shop.
 66856 | Depths:3 | Found Vikhlaux's Distillery.
 66983 | Depths:3 | Gained mutation: Your body sometimes deteriorates upon
                  | taking damage. [a neqoxec]
 66990 | Depths:3 | Found a one-way gate leading to the halls of Pandemonium.
 67046 | Depths:2 | Upgraded the game from 0.28-a0-445-g51f8dfeb47 to
                  | 0.28-a0-464-g0687ed57fd
 67050 | Depths:2 | Learned a level 3 spell: Confusing Touch
 67055 | Depths:2 | Learned a level 4 spell: Passage of Golubria
 67941 | Depths:4 | Found a radiant altar of Vehumet.
 68017 | Depths:4 | Received a gift from Okawaru
 68570 | Depths:5 | Noticed a caustic shrike
 68570 | Depths:5 | Noticed a caustic shrike
 68570 | Depths:5 | Noticed a caustic shrike
 68797 | Depths:3 | Killed a caustic shrike
 68820 | Depths:4 | Killed a caustic shrike
 68831 | Depths:4 | Killed a caustic shrike
 69223 | Depths:4 | Reached skill level 10 in Invocations
 69288 | Depths:5 | Found a gate to the Realm of Zot.
 69319 | Depths:5 | Received a gift from Okawaru
 69328 | Depths:5 | Noticed Boris
 69342 | Depths:5 | Killed Boris
 69343 | Depths:5 | Reached XP level 25. HP: 229/304 MP: 42/43
 69642 | Depths:5 | Found a broken altar of Ashenzari.
 70248 | Vaults:5 | Entered Level 5 of the Vaults
 70643 | Vaults:5 | Noticed a dread lich
 70651 | Vaults:4 | Received a gift from Okawaru
 70718 | Vaults:4 | Killed a dread lich
 71127 | Vaults:5 | Noticed Jory
 71137 | Vaults:4 | Received a gift from Okawaru
 71526 | Vaults:5 | Killed Jory
 71914 | Vaults:5 | Noticed an ancient lich
 71917 | Vaults:5 | Killed an ancient lich
 72129 | Vaults:5 | Noticed an ancient lich
 72133 | Vaults:5 | Killed an ancient lich
 72142 | Vaults:5 | Noticed a dread lich
 72148 | Vaults:5 | Killed a dread lich
 72148 | Vaults:5 | Identified the +1 robe of Disguise {rC+ Int+3} (Okawaru
                  | gifted it to you on level 5 of the Vaults)
 72148 | Vaults:5 | Received a gift from Okawaru
 72300 | Vaults:5 | Reached XP level 26. HP: 303/314 MP: 45/45
 72464 | Vaults:5 | Got a silver rune of Zot
 72466 | Vaults:5 | Identified the +6 quarterstaff "Tigin" {speed, Str+5}
 72551 | Vaults:5 | Noticed a dread lich
 72560 | Vaults:5 | Killed a dread lich
 73038 | Vaults:5 | Received a gift from Okawaru
 73051 | Vaults:5 | Noticed an ancient lich
 73056 | Vaults:5 | Killed an ancient lich
 74109 | Vaults:5 | Got the Collected Works on Entrancing Air
 74774 | Depths:2 | Bought 3 scrolls of enchant armour for 405 gold pieces
 74774 | Depths:2 | Bought a scroll of enchant armour for 135 gold pieces
 74774 | Depths:2 | Bought a scroll of enchant armour for 135 gold pieces
 74774 | Depths:2 | Bought a scroll of enchant armour for 135 gold pieces
 75099 | Snake:3  | Bought a scroll of enchant armour for 135 gold pieces
 75099 | Snake:3  | Bought a scroll of enchant armour for 135 gold pieces
 75435 | Zot:1    | Entered Level 1 of the Realm of Zot
 76698 | Zot:1    | Received a gift from Okawaru
 77073 | Zot:1    | Found a runed translucent gate.
 77073 | Zot:1    | Found a runed translucent gate.
 77073 | Zot:1    | Found a runed translucent gate.
 77077 | Zot:1    | Noticed Uvyism's ghost (legendary GnMo)
 77161 | Zot:1    | Received a gift from Okawaru
 77169 | Zot:1    | Reached XP level 27. HP: 277/323 MP: 45/45
 77600 | Zot:2    | Received a gift from Okawaru
 77600 | Zot:2    | Found the +4 robe of Folly {Brilliance Will-∞ Int+8}
 79328 | Zot:2    | Noticed an orb of fire
 79328 | Zot:2    | Gained mutation: Your body often deteriorates upon taking
                  | damage. [an orb of fire]
 79340 | Zot:2    | Killed an orb of fire
 80292 | Zot:3    | Found a hazy altar of Hepliaklqana.
 80926 | Zot:3    | Identified the +9 dagger of Attainder {venom, rElec rPois
                  | rF- Dex+2} (Okawaru gifted it to you on level 3 of the
                  | Realm of Zot)
 80926 | Zot:3    | Received a gift from Okawaru
 81547 | Zot:4    | Reached skill level 15 in Armour
 82503 | Zot:5    | Entered Level 5 of the Realm of Zot
 82519 | Zot:5    | Received a gift from Okawaru
 82707 | Zot:5    | Acquired a manual of Armour
 82818 | Zot:5    | Noticed an ancient lich
 82818 | Zot:5    | Noticed an ancient lich
 82818 | Zot:5    | Noticed an orb of fire
 82818 | Zot:5    | Noticed an ancient lich
 82823 | Zot:5    | Gained mutation: You sometimes lose the ability to read
                  | scrolls when taking damage. [an orb of fire]
 82825 | Zot:5    | Noticed an ancient lich
 82833 | Zot:5    | Killed an ancient lich
 82992 | Zot:5    | Reached skill level 10 in Dodging
 83554 | Zot:5    | Received a gift from Okawaru
 84057 | Zot:5    | Noticed an orb of fire
 84063 | Zot:5    | Gained mutation: You are clumsy. (Dex -2) [an orb of fire]
 84067 | Zot:5    | Killed an orb of fire
 84068 | Zot:5    | Killed an orb of fire
 84068 | Zot:5    | Identified the +0 robe of the Midnight Sun {rC+} (Okawaru
                  | gifted it to you on level 5 of the Realm of Zot)
 84068 | Zot:5    | Received a gift from Okawaru
 84069 | Zot:5    | Noticed an ancient lich
 84072 | Zot:5    | Killed an ancient lich
 84149 | Zot:3    | Lost mutation: Your body often deteriorates upon taking
                  | damage. [potion of mutation]
 84149 | Zot:3    | Gained mutation: Your flesh is cold resistant. (rC+)
                  | [potion of mutation]
 84149 | Zot:3    | Gained mutation: You have sharp toenails. [potion of
                  | mutation]
 84288 | Depths:5 | Lost mutation: You are clumsy. (Dex -2) [potion of
                  | mutation]
 84288 | Depths:5 | Lost mutation: Your flesh is cold resistant. (rC+) [potion
                  | of mutation]
 84288 | Depths:5 | Gained mutation: You have very sharp teeth. [potion of
                  | mutation]
 84288 | Depths:5 | Gained mutation: You have hidden genetic defects. [potion
                  | of mutation]
 84288 | Depths:5 | Lost mutation: You have hidden genetic defects. [potion of
                  | mutation]
 84533 | Zot:5    | Gained mutation: You tend to lose your temper in combat.
                  | [mutagenic glow]
 84552 | Zot:5    | Gained mutation: You are weak. (Str -2) [mutagenic glow]
 85664 | Zot:5    | Noticed an ancient lich
 85675 | Zot:5    | Killed an ancient lich
 85725 | Zot:5    | Noticed a dread lich
 85735 | Zot:5    | Killed a dread lich
 85750 | Zot:5    | Killed an ancient lich
 85758 | Zot:5    | Killed an ancient lich
 85758 | Zot:5    | Received a gift from Okawaru
 85807 | Zot:5    | Received a gift from Okawaru
 85818 | Zot:5    | Noticed a juggernaut
 85818 | Zot:5    | a Killer Klown changed into a juggernaut
 85837 | Zot:5    | Killed a juggernaut
 85842 | Zot:5    | Killed an ancient lich
 85842 | Zot:5    | Received a gift from Okawaru
 85914 | Zot:4    | Lost mutation: You sometimes lose the ability to read
                  | scrolls when taking damage. [potion of mutation]
 85914 | Zot:4    | Lost mutation: Your body sometimes deteriorates upon taking
                  | damage. [potion of mutation]
 85914 | Zot:4    | Gained mutation: Your mind is acute. (Int +2) [potion of
                  | mutation]
 85914 | Zot:4    | Lost mutation: Your mind is acute. (Int +2) [potion of
                  | mutation]
 86140 | D:15     | Lost mutation: You are weak. (Str -2) [potion of mutation]
 86140 | D:15     | Lost mutation: You tend to lose your temper in combat.
                  | [potion of mutation]
 86140 | D:15     | Gained mutation: You are partially covered in iridescent
                  | scales. (AC +2) [potion of mutation]
 86140 | D:15     | Gained mutation: You possess an exceptional clarity of
                  | mind. [potion of mutation]
 86481 | Zot:5    | Noticed a dread lich
 86485 | Zot:5    | Killed a dread lich
 86802 | Zot:5    | Learned a level 2 spell: Passwall
 86968 | Depths:4 | Voluntarily entered the Abyss.
 86968 | Abyss:1  | Found a corrupted altar of Lugonu.
 87076 | Abyss:1  | Reached skill level 1 in Earth Magic
 87079 | Abyss:1  | Reached skill level 1 in Transmutations
 87132 | Abyss:2  | Identified the +1 chain mail "Xiex" {rF+}
 87258 | Abyss:2  | Found a corrupted altar of Lugonu.
 87279 | Abyss:2  | Found an iron altar of Okawaru.
 87612 | Abyss:3  | Found a corrupted altar of Lugonu.
 87685 | Abyss:3  | Received a gift from Okawaru
 87929 | Abyss:3  | Reached skill level 27 in Throwing
 87939 | Abyss:3  | Received a gift from Okawaru
 87998 | Abyss:3  | Paralysed by accursed screaming for 2 turns
 88051 | Abyss:3  | Received a gift from Okawaru
 88092 | Abyss:3  | Found a shadowy altar of Dithmenos.
 88220 | Abyss:4  | Got an abyssal rune of Zot
 88252 | Depths:4 | Escaped the Abyss
 90789 | Slime:1  | Entered Level 1 of the Pits of Slime
 90795 | Slime:2  | Noticed Dissolution
 90799 | Slime:2  | Killed Dissolution
 90851 | Slime:5  | Entered Level 5 of the Pits of Slime
 90861 | Slime:5  | Reached skill level 10 in Translocations
 91065 | Slime:5  | Received a gift from Okawaru
 91100 | Slime:5  | Found a viscous altar of Jiyva.
 91100 | Slime:5  | Noticed the Royal Jelly
 91110 | Slime:5  | Killed the Royal Jelly
 91357 | Slime:5  | Received a gift from Okawaru
 91881 | Slime:5  | Identified the +5 scale mail of Caakasho {rF+}
 91882 | Slime:5  | Identified the +1 scale mail of Enefet {rN+ Int+3 Dex+2}
 91933 | Slime:5  | Identified the +0 helmet of Keenomid {*Slow rCorr Slay+2
                  | Stlth+}
 91943 | Slime:5  | Got a slimy rune of Zot
 91964 | Slime:5  | Identified the +4 bardiche "Poaxiuwna" {flame, rElec rC+
                  | rCorr}
 91974 | Slime:5  | Identified the +11 broad axe of Iconoclasm {venom, rF++
                  | rC+}
 91991 | Slime:5  | Identified the +10 rapier of Triumph {drain, Dex+3}
 92001 | Slime:5  | Identified the amulet "Hisonux" {Harm Will- Regen+ Str+8}
 92019 | Slime:5  | Identified the +4 chain mail of Fiohopenniph {*Corrode rC+
                  | Will+++ Str+4}
 92543 | Depths:1 | Bought the ring "Kycasien" {rN+ Dex+5} for 487 gold pieces
 92818 | Crypt:1  | Entered Level 1 of the Crypt
 93399 | Crypt:1  | Identified the +1 rapier of Kyhob {drain, rElec rPois rN+}
 93690 | Crypt:1  | Identified the +6 flail of Reason {venom, Fly rElec}
                  | (Okawaru gifted it to you on level 1 of the Crypt)
 93690 | Crypt:1  | Received a gift from Okawaru
 94164 | Crypt:2  | Found a basalt altar of Yredelemnul.
 95914 | Crypt:3  | Entered Level 3 of the Crypt
 96656 | Crypt:3  | Received a gift from Okawaru
 96943 | Crypt:3  | Found an ancient bone altar of Kikubaaqudgha.
 96965 | Crypt:3  | Received a gift from Okawaru
 97327 | Crypt:3  | Upgraded the game from 0.28-a0-464-g0687ed57fd to
                  | 0.28-a0-472-g50180c0d78
 97333 | Crypt:3  | Learned a level 5 spell: Borgnjor's Vile Clutch
 97534 | Crypt:3  | Reached skill level 1 in Necromancy
 98310 | Crypt:3  | Reached skill level 5 in Earth Magic
 98432 | Crypt:3  | Received a gift from Okawaru
 98455 | Crypt:3  | Found a staircase to the Tomb.
 98504 | Crypt:3  | Got the Disquisition on Sinister Rituals
 98505 | Crypt:3  | Identified the +11 scimitar of Tartarus {vorpal, rN+ rCorr}
 98810 | Hell     | Entered the Vestibule of Hell
 98810 | Hell     | Noticed Geryon
 98818 | Hell     | Killed Geryon
 98895 | Hell     | Received a gift from Okawaru
 98923 | Hell     | Identified the +4 ice dragon scales of Eternal Vigilance
                  | {rF- rC++ Str+2} (Okawaru gifted it to you in the Vestibule
                  | of Hell)
 98923 | Hell     | Received a gift from Okawaru
 99109 | Hell     | Noticed an ancient lich
 99135 | Hell     | Killed an ancient lich
 99154 | Hell     | Reached skill level 5 in Necromancy
 99313 | Hell     | Found a gateway to the Iron City of Dis.
 99358 | Hell     | Found a gateway to the freezing wastes of Cocytus.
 99471 | Hell     | Found a gateway to the decaying netherworld of Tartarus.
 99551 | Hell     | Found a gateway to the ashen valley of Gehenna.
 99717 | Hell     | Upgraded the game from 0.28-a0-472-g50180c0d78 to
                  | 0.28-a0-475-g7dc2aef8ca
 99750 | Coc:1    | Entered Level 1 of Cocytus
100056 | Coc:4    | Received a gift from Okawaru
100276 | Coc:5    | Received a gift from Okawaru
100578 | Hell     | Received a gift from Okawaru
100957 | Dis:1    | Entered Level 1 of the Iron City of Dis
100979 | Hell     | Reached skill level 15 in Dodging
101768 | Depths:1 | Upgraded the game from 0.28-a0-475-g7dc2aef8ca to
                  | 0.28-a0-503-g83f2989fac
102352 | Depths:1 | Upgraded the game from 0.28-a0-503-g83f2989fac to
                  | 0.28-a0-697-g47f3eba078
102353 | Depths:1 | Acquired 759 gold pieces
102733 | Dis:3    | Received a gift from Okawaru
103517 | Geh:1    | Entered Level 1 of Gehenna
103809 | Tar:1    | Entered Level 1 of Tartarus
103837 | Hell     | HP: 10/261 [???[a doom hound] (7)]
106058 | Zot:5    | Got the Orb of Zot
106134 | Zot:5    | Lost mutation: You possess an exceptional clarity of mind.
                  | [a neqoxec]
106612 | D:$      | Escaped with the Orb!

Illustrated notes

Levels and vault maps discovered:
D:1:      lightli_arrival_windingriver, layout_loops_corners,
          ebering_ecumenical_altar_sacrificial, serial_bayou_crossing
D:2:      layout_loops_ring, basic_altar, dk_vineyard_3,
          kennysheep_generic_room_6
D:3:      layout_rooms, gammafunk_ghost_smash
D:4:      layout_rooms, okawaru_ov_weapons_minmay, hangedman_decor_lopped,
          uniq_eustachio, uniq_pikel
D:5:      due_chaos_kobolds, layout_basic, minmay_temple_entry_ruins,
          lemuel_old_faithful
D:6:      layout_loops_corners, grunt_decor_cap, minmay_misc_feat_nine_boxes,
          uniq_grinder
D:7:      layout_rooms, ebering_ghost_inner_flame, uniq_crazy_yiuf_cottage
D:8:      layout_rooms, dpeg_oklobed_lair, serial_bayou, serial_bayou_pond_c,
          serial_bayou_shore_b, serial_bayou_pond_e, serial_bayou_pond_b,
          enter_bailey_6
D:9:      layout_loops_cross, special_room [special_room_bee], serial_shops,
          shop, due_unseen_surprise
D:10:     layout_basic, nicolae_stop_n_shop_1, nicolae_shop_self_help
D:11:     layout_rooms, david_orc_2
D:12:     layout_cave_pools, gammafunk_ghost_cemetery, columned_hall_lemuel,
          hangedman_weighted_door, kennysheep_small_circle
D:13:     layout_small_grid, david_vaults_4
D:14:     layout_small_grid, nicolae_tso_swordbearing_angel,
          maelrawn_ghost_gauntlet_escape
D:15:     gammafunk_depths_entry_grave, layout_long_grid
Lair:1:   layout_concentric_octagons
Lair:2:   layout_concentric_octagons, serial_bayou_shore_b, serial_bayou_shore_a
Lair:3:   layout_roguey, minmay_swamp_entry_swarm, dummy_snake_entry,
          hellmonk_guarded_unrand_vines
Lair:4:   layout_cave_pods, basic_altar, minivault_23, serial_bayou_lagoon_a,
          grunt_megastairs_4
Lair:5:   layout_cave_pods, slime_altar_1, enter_volcano_2, uniq_rupert
Lair:6:   hellmonk_lair_end_abyssal_woods, layout_misc_corridors,
          grunt_megastairs_1, infiniplex_staircase_pool
Swamp:1:  layout_basic_swamp, hangedman_swamp_blocks, swamp_pool4, uniq_louise
Swamp:2:  layout_falls_marsh, evilmike_swamp_ruin_house_3
Swamp:3:  layout_falls_marsh, nicolae_swamp_fairy_circle, swamp_pool1
Swamp:4:  swamp_alternative, layout_basic_swamp, swamp_pool1,
          nicolae_swamp_trees_clearing, statue_in_the_mist_lemuel, uniq_roxanne
Snake:1:  layout_grid_maze, portal_ice_cave_entry_ice_simulacra, uniq_azrael
Snake:2:  layout_onion, nicolae_snake_single_loop, grunt_ministairs_13,
          uniq_aizul, uniq_asterion, uniq_donald
Snake:3:  layout_chambers, minmay_shop_star
Snake:4:  grunt_snake_rune_pools, layout_rooms, serial_bayou_shore_b
Slime:1:  cheibrodos_slime_lost_civilization_10, layout_caves
Slime:2:  layout_caves, uniq_dissolution
Slime:3:  layout_caves
Slime:4:  layout_caves, cheibrodos_slime_lost_civilization_5
Slime:5
Orc:1:    layout_caves
Orc:2:    st_orc_ogre_mass, layout_caves, uniq_erolcha, uniq_saint_roka
Elf:1:    elf_arrival_002, layout_geoelf_octagon, serial_shops, shop,
          minivault_28
Elf:2:    elven_hall_of_blades_hangedman_original
          [nicolae_blade_entry_pointy_end], layout_geoelf_diagonals,
          ploomutoo_gammafunk_ghost_potion_laboratory, small_statue_intersection
Elf:3:    minmay_elf_hall_curves, layout_loops_corners,
          gammafunk_ghost_cemetery, serial_sigils_hangedman_stare
Vaults:1: grunt_vaults_hallway_long, hangedman_vaults_restitches,
          vaults_room_boxed, ontoclasm_vaults_ring_large, vaults_mumra_hex,
          hangedman_vaults_restitches, vaults_dpeg_encased_lava,
          vaults_room_corners, vaults_dpeg_spiral, layout_vaults_omnibox
Vaults:2: ontoclasm_vaults_chip, vaults_room_ringed_pool,
          ontoclasm_vaults_twist, v_misc_14, ontoclasm_vaults_chip,
          hangedman_vaults_nails, vaults_mumra_chevron,
          nicolae_vaults_what_the_h, nicolae_vaults_little_squares_4, v_misc_2,
          st_greater_box_5, v_misc_32, layout_vaults_maze_bifur
Vaults:3: vaults_room_corners, ontoclasm_vaults_chip, vaults_mumra_chevron_long,
          nicolae_vaults_angled_halls, minmay_crypt_entry_simple_round,
          vaults_room_corners, nicolae_vaults_little_ls,
          nicolae_vaults_little_squares_6, v_misc_23, layout_vaults_omnigrid,
          uniq_xtahua
Vaults:4: nicolae_vaults_little_squares_4, v_misc_33, grunt_vaults_focal,
          st_hourglassy, hangedman_vaults_restitches, vaults_dpeg_doors,
          hangedman_vaults_locks, vaults_room_fours, vaults_dpeg_ring,
          layout_vaults_big_room, uniq_margery
Vaults:5: serial_shops, uniq_jory
Crypt:1:  layout_misc_corridors
Crypt:2:  layout_basic, basic_altar, chequers_hall_statues_corner_a
Crypt:3:  grunt_crypt_end_deaths_head
Depths:1: layout_cave_pools, enter_ziggurat_e,
          nicolae_abyss_entry_one_way_or_another, serial_shops,
          nicolae_shop_statue_plus, hell_entry, kennysheep_big_empty_room,
          nicolae_shop_sticking_my_neck_out, minmay_shop_grove
Depths:2: minmay_the_grid_triangle_9x9_rhombus_thin_mashed
          [minmay_the_grid_triangle_9x9_semitri,
          minmay_the_grid_triangle_9x9_prize_top_heavy,
          minmay_the_grid_triangle_9x9_wacky_v,
          minmay_the_grid_triangle_9x9_from_above], layout_gridlike,
          serial_shops, shop_fountains, nicolae_square_shop,
          grunt_mini_vestibule, elyvilon_altar_5, nicolae_gozag_seed_capital,
          infiniplex_staircase_star
Depths:3: minmay_expanding_squares, layout_basic, hangedman_coc_ice_floe,
          infiniplex_staircase_spiral_double, abyss_entry,
          grunt_pan_entry_zigzag, minmay_shop_grid_forest
Depths:4: evilmike_cross, layout_honeycomb, hangedman_abyss_entry_splay,
          nicolae_vehumet_radiance, grunt_hell_entry_dis_old,
          infiniplex_staircase_zigzag_3
Depths:5: evilmike_zot_entry_basic, layout_cave_pools,
          nicolae_ashenzari_panopticon, grunt_pan_entry_in_and_out, hell_entry,
          uniq_boris
Hell
Dis:1:    layout_jigsaw
Dis:2:    layout_subdivisions
Dis:3:    layout_jigsaw, lemuel_mystery_crypt
Geh:1:    layout_gehenna_pools_basic
Geh:2:    layout_gehenna_pools_box
Coc:1:    layout_ice_bergs
Coc:2:    layout_cocytus_water_paths
Coc:3:    layout_cocytus_water_paths
Coc:4:    layout_cocytus_water_paths
Coc:5:    layout_cocytus_delve
Coc:6:    layout_ice_bergs
Tar:1:    layout_cathedral_of_symmetry
Zot:1:    layout_gridlike, gammafunk_ghost_tricky_traps, grunt_megastairs_5
Zot:2:    kennysheep_bubbly, layout_misc_corridors, hangedman_hellfire_club
Zot:3:    layout_gridlike, basic_altar
Zot:4:    layout_twisted_circle, zot_minivault_4
Zot:5:    layout_onion, grunt_ministairs_1

Skill      XL: |  1  2  3  4  5  6  7  8  9 10 11 12 13 14 15 16 17 18 19 20 21 22 23 24 25 26 27 |
---------------+----------------------------------------------------------------------------------+-----
Fighting       | 3 4 5 6 8 10 11 13 14 16 17 19 20 21 22 23 24 25 26 27 | 27.0
Dodging        | 2 3 4 5 7 9 16 | 16.1
Maces & Flails | 1 2 3 4 5 6 7 8 9 10 11 12 13 14 | 14.7
Armour         | 1 2 4 6 7 8 10 11 12 14 22 | 22.6
Throwing       | 5 6 7 8 9 10 11 12 13 14 16 17 18 19 21 22 23 27 | 27.0
Invocations    | 2 3 5 6 7 8 10 | 10.0
Shields        | 2 5 7 9 10 12 13 14 15 | 15.5
Spellcasting   | 4 6 9 12 15 16 18 21 | 21.4
Hexes          | 3 5 6 7 8 9 |  9.0
Translocations | 3 5 6 7 8 13 | 13.0
Earth Magic    | 9 |  9.5
Transmutations | 4 |  4.0
Necromancy     | 9 |  9.5
Stealth        | |  0.6

Action                   |  1- 3 |  4- 6 |  7- 9 | 10-12 | 13-15 | 16-18 | 19-21 | 22-24 | 25-27 || total
-------------------------+-------+-------+-------+-------+-------+-------+-------+-------+-------++-------
Melee: Short sword       |    41 |       |       |       |       |       |       |       |       ||    41
       Mace              |    73 |   125 |   125 |   357 |   517 |   602 |    24 |       |    31 ||  1854
       Giant club        |       |    40 |       |       |       |       |       |       |       ||    40
       Flail             |       |       |       |       |    18 |   137 |   379 |       |       ||   534
       Demon whip        |       |       |       |       |       |       |   423 |   672 |  1984 ||  3079
       Kick              |       |       |       |       |       |       |       |       |   746 ||   746
       Punch             |       |       |       |       |       |       |       |       |   263 ||   263
       Bite              |       |       |       |       |       |       |       |       |    19 ||    19
Throw: Large rock        |     3 |     6 |    10 |    22 |    44 |   106 |    88 |   325 |   779 ||  1383
       Stone             |       |    17 |    12 |    42 |     9 |    32 |    10 |     3 |       ||   125
       Throwing net      |       |     1 |     3 |     1 |     1 |       |       |       |     2 ||     8
       Dart              |       |    22 |    29 |    33 |     5 |       |       |       |       ||    89
       Javelin           |       |       |     8 |    69 |   117 |   162 |   144 |   166 |   401 ||  1067
       Boomerang         |       |       |       |       |    80 |   256 |   214 |    35 |   311 ||   896
 Cast: Portal Projectile |       |       |       |       |       |       |     1 |       |     6 ||     7
       Passage of Golubr |       |       |       |       |       |       |       |     7 |     3 ||    10
       Blink             |       |       |       |       |       |       |       |     3 |     1 ||     4
       Confusing Touch   |       |       |       |       |       |       |       |     1 |       ||     1
Invok: Heroism           |       |       |       |       |     6 |    21 |    12 |    15 |    30 ||    84
       Finesse           |       |       |       |       |     2 |     4 |     4 |     4 |    19 ||    33
Evoke: Wand              |       |       |       |     3 |       |       |       |       |     4 ||     7
  Use: Scroll            |       |     8 |     3 |     8 |    13 |     4 |     3 |     5 |    34 ||    78
       Potion            |       |       |     2 |       |       |       |       |       |     6 ||     8
 Stab: Sleeping          |       |     1 |       |       |     2 |       |       |       |       ||     3
       Distracted        |       |       |       |     8 |    12 |     9 |     2 |       |       ||    31
       Invisible         |       |       |       |       |       |       |       |       |     3 ||     3
Armor: Robe              |    47 |   109 |    30 |    27 |     1 |       |       |       |       ||   214
       Acid dragon scale |       |       |       |    84 |       |       |       |       |       ||    84
       Troll leather arm |       |       |       |     4 |    80 |     8 |       |       |       ||    92
       Fire dragon scale |       |       |       |       |       |    55 |       |       |       ||    55
       Swamp dragon scal |       |       |       |       |       |    42 |    10 |       |       ||    52
       Ice dragon scales |       |       |       |       |       |    12 |       |       |       ||    12
       Storm dragon scal |       |       |       |       |       |       |   144 |   164 |    99 ||   407
       Gold dragon scale |       |       |       |       |       |       |       |       |   448 ||   448
Dodge: Dodged            |    90 |   156 |    60 |   122 |   131 |   136 |   116 |    97 |   247 ||  1155
Block: Tower shield      |       |       |       |    83 |   357 |   743 |   700 |   608 |  1895 ||  4386
       Kite shield       |       |       |       |   162 |   109 |       |       |       |       ||   271
       Reflection        |       |       |       |    21 |     9 |    48 |    80 |    60 |    55 ||   273

Table legend: (Time is in decaauts)
 A = Elapsed time spent in this place.
 B = Non-inter-level travel time spent in this place.
 C = Inter-level travel time spent in this place.
 D = Time resting spent in this place.
 E = Time spent auto-exploring this place.
 F = Levels seen in this place.
 G = Mean time per level.
                   A        B        C        D        E       F      G
               +--------+--------+--------+--------+--------+-----+--------+
         Total | 104569 |  88428 |  16141 |  31315 |  31715 |  76 | 1375.9 |
       Dungeon |  26576 |  20861 |   5715 |   7502 |   8586 |  15 | 1771.7 |
          Lair |   8822 |   7526 |   1296 |   1417 |   4015 |   6 | 1470.3 |
         Swamp |   6626 |   6214 |    412 |   3623 |   1200 |   4 | 1656.5 |
     Snake Pit |   8469 |   7547 |    922 |   2855 |   2142 |   4 | 2117.2 |
    Slime Pits |   1350 |   1341 |      9 |    812 |      0 |   5 |  270.0 |
  Orcish Mines |   2283 |   1826 |    457 |    410 |    668 |   2 | 1141.5 |
   Elven Halls |   4515 |   4002 |    513 |    753 |   2145 |   3 | 1505.0 |
        Vaults |  13514 |  10756 |   2758 |   3910 |   3810 |   5 | 2702.8 |
         Crypt |   4763 |   4183 |    580 |   1379 |   1323 |   3 | 1587.7 |
        Depths |   9912 |   8209 |   1703 |   3262 |   2963 |   5 | 1982.4 |
          Hell |   1819 |   1721 |     98 |    824 |    404 |   1 | 1819.0 |
           Dis |   1336 |   1289 |     47 |    819 |     76 |   3 |  445.3 |
       Gehenna |     84 |     84 |      0 |      0 |      0 |   2 |   42.0 |
       Cocytus |    752 |    752 |      0 |    413 |      0 |   6 |  125.3 |
      Tartarus |      1 |      1 |      0 |      0 |      0 |   1 |    1.0 |
           Zot |  11812 |  10183 |   1629 |   2992 |   4267 |   5 | 2362.4 |
         Abyss |   1143 |   1143 |      0 |     40 |    115 |   4 |  285.8 |
        Bailey |      5 |      5 |      0 |      0 |      0 |   1 |    5.0 |
      Ice Cave |    778 |    778 |      0 |    298 |      0 |   1 |  778.0 |
               +--------+--------+--------+--------+--------+-----+--------+

Top non-repeatable levels by time:
   Zot:5: 3699 daAuts
     D:8: 3092 daAuts
Vaults:2: 3012 daAuts
Depths:4: 2955 daAuts
Vaults:1: 2908 daAuts
Vaults:5: 2786 daAuts
   Zot:1: 2782 daAuts
Vaults:4: 2752 daAuts
Depths:2: 2599 daAuts
    D:13: 2506 daAuts
   Zot:2: 2474 daAuts
 Snake:3: 2355 daAuts
 Snake:1: 2305 daAuts
     D:3: 2213 daAuts
     D:9: 2173 daAuts
